 Dungeon Crawl Stone Soup version 0.30-a0-723-gc1506a1cf0 (webtiles) character file.

Game seed: 11025698313639201471

44 Newt the Trooper (level 3, 0/29 HPs)
             Began as a Demonspawn Gladiator on Jan 28, 2023.
             Succumbed to an adder's poison
             ... on level 2 of the Dungeon.
             The game lasted 00:01:13 (1252 turns).

Newt the Trooper (Demonspawn Gladiator)             Turns: 1252, Time: 00:01:14

Health: 0/29       AC:  4    Str: 16    XL:     3   Next: 39%
Magic:  3/3        EV: 12    Int:  9    God:
Gold:   45         SH:  4    Dex: 14    Spells: 1/2 levels left

rFire   . . .      SeeInvis .    a - +0 rapier
rCold   . . .      Faith    .    (no shield)
rNeg    . . .      Spirit   .    b - +0 leather armour
rPois   .          Reflect  .    c - +0 helmet
rElec   .          Harm     .    (no cloak)
rCorr   .          Rampage  .    (no gloves)
Will    .....                    (no boots)
Stlth   ++                       (no amulet)
HPRegen 0.24/turn                (no ring)
MPRegen 0.08/turn                (no ring)

@: mighty, lethally poisoned (0 -> 0), very slightly contaminated
A: claws 1, condensation shield
a: no special abilities


You were on level 2 of the Dungeon.
You visited 1 branch of the dungeon, and saw 2 of its levels.

You collected 45 gold pieces.

Inventory:

Hand Weapons
 a - a +0 rapier (weapon)
Missiles
 d - 3 throwing nets (quivered)
 e - a javelin
Armour
 b - a +0 leather armour (worn)
 c - a +0 helmet (worn)
Wands
 f - a wand of flame (17)


   Skills:
 + Level 3.1 Fighting
 - Level 2.6 Short Blades
 - Level 1.7 Throwing
 - Level 2.6 Dodging
 - Level 2.0 Stealth


You had one spell level left.
You knew the following spells:

 Your Spells              Type           Power      Damage    Failure   Level
a - Summon Small Mammal   Summ           0%         N/A       45%         1

Your spell library contained the following spells:

 Spells                   Type           Power      Damage    Failure   Level
 Sublimation of Blood     Necr           0%         N/A       58%         2
 Call Canine Familiar     Summ           0%         N/A       83%         3
 Summon Guardian Golem    Hex/Summ       0%         N/A       83%         3
 Petrify                  Tmut/Erth      0%         N/A       99%         4
 Irradiate                Conj/Tmut      0%         3d11      100%        5


Dungeon Overview and Level Annotations

Branches:
Dungeon (2/15)

Altars:

Annotations:
D:2 Jessica


Innate Abilities, Weirdness & Mutations

You have sharp fingernails.
A meltable shield of frost defends you. (SH +4)


Message History

Jessica casts a spell.
Jessica blinks!
Casting: Summon Small Mammal (safe; 45% risk of failure)
Confirm with . or Enter, or press ? or * to list all spells.
You miscast Summon Small Mammal.
Nothing appears to happen.
Jessica closely misses you.
You hit the adder.
The adder is moderately wounded.
The adder bites you but does no damage. Jessica says, "Why did you come here?"
You block Jessica's attack. The adder closely misses you.
You hit the adder.
The adder is severely wounded.
The adder bites you.
You are poisoned.
The adder poisons you! Jessica barely misses you.
You puncture the adder!
You kill the adder!
You feel sick.
Jessica hits you with a +2 spectral club.
* * * LOW HITPOINT WARNING * * *
Your Fighting skill increases to level 3!
You are confused.
You feel invigorated.
You feel sick.
Jessica gestures wildly while chanting.
Jessica seems to speed up.
Unknown command.
Okay, then.
Jessica attacks as you move away! Jessica closely misses you.
You feel sick.
Jessica mumbles some strange words.
Jessica blinks!
Jessica hits you with a +2 spectral club.
You feel less invigorated.
You feel less confused.
You feel sick. Jessica gestures at you while chanting.
Pain shoots through your body!
* * * LOW HITPOINT WARNING * * *
You feel very mighty all of a sudden.
You die...

#.# #.### #...#
###.# #.# # #†# .#.
#...##.########....
....................
##....#####@...=....
##.#. #@#####... # #
#.# . #.# #.# #.#
#.. ###


You could see Jessica (fast).

Vanquished Creatures
  An adder (D:2)
  2 dart slugs
  2 ball pythons (D:1)
  3 endoplasms
  A giant cockroach (D:1)
  3 goblins (D:1)
  3 hobgoblins (D:1)
  2 jackals (D:1)
  A kobold (D:1)
  3 quokkas
  A bat (D:1)
  A frilled lizard (D:2)
  4 rats
27 creatures vanquished.

Notes
Turn   | Place    | Note
-------+----------+-------------------------------------------
     0 | D:1      | Newt the Demonspawn Gladiator began the quest for the Orb.
     0 | D:1      | Reached XP level 1. HP: 16/16 MP: 1/1
   236 | D:1      | Reached skill level 1 in Stealth
   309 | D:1      | Gained mutation: A meltable shield of frost defends you.
                  | (SH +4) [demonic ancestry]
   309 | D:1      | Reached XP level 2. HP: 11/22 MP: 2/2
  1050 | D:2      | Learned a level 1 spell: Summon Small Mammal
  1073 | D:2      | Gained mutation: You have sharp fingernails. [demonic
                  | ancestry]
  1073 | D:2      | Reached XP level 3. HP: 28/28 MP: 3/3
  1230 | D:2      | Noticed Jessica
  1249 | D:2      | Reached skill level 3 in Fighting
  1251 | D:2      | HP: 1/29 [Jessica/nerve-wracking pain (12)]
  1252 | D:2      | Succumbed to an adder's poison

Illustrated notes

Levels and vault maps discovered:
D:1:      ncdulo_lavacross, layout_basic
D:2:      layout_loops_corners, uniq_jessica

Skill      XL: |  1  2  3 |
---------------+----------+-----
Stealth        | 1 2 |  2.0
Fighting       | 3 |  3.1
Short Blades   | |  2.6
Throwing       | |  1.7
Dodging        | |  2.6

Action                     || total
---------------------------++-------
  Melee: Rapier            ||   114
    Use: Scroll            ||     4
         Potion            ||     2
   Stab: Sleeping          ||     2
 Armour: Leather armour    ||    24
  Dodge: Dodged            ||    65
  Block: Other             ||    13

Table legend: (Time is in decaauts)
 A = Elapsed time spent in this place.
 B = Non-inter-level travel time spent in this place.
 C = Inter-level travel time spent in this place.
 D = Time resting spent in this place.
 E = Time spent auto-exploring this place.
 F = Levels seen in this place.
 G = Mean time per level.
                   A        B        C        D        E       F      G
               +--------+--------+--------+--------+--------+-----+--------+
         Total |   1259 |   1246 |     13 |      0 |   1008 |   2 |  629.5 |
       Dungeon |   1259 |   1246 |     13 |      0 |   1008 |   2 |  629.5 |
               +--------+--------+--------+--------+--------+-----+--------+

Top non-repeatable levels by time:
     D:1: 927 daAuts
     D:2: 331 daAuts
